AoeStats
← guerras90

Nomad

510134785Analyzed
2v2 RM · 2d ago on Sep 29, 2026· 70m 21s· 4 players
Game mode
Random Map
Map size
176×176
Population
200
Speed
Normal
Resources
Standard
Victory
Conquest
Starting age
Dark Age
Ending age
Imperial Age
RankedLock teamsTeams togetherTeam positionsShared explorationLock speedFull tech treeHidden civsTurbo modeCheats
Victory
Defeat
🇩🇰 Huns · Denmark
872
+16
🇦🇹 Malians · Austria
836
+17
🇵🇪 Huns · Peru
907
-18
🇪🇸 Malay · Spain
827
-15
John Travoldtar
15:46 Feudal Age
14:48 Loom
16:32 Double-Bit Axe
16:40 Gold Mining
16:45 Fishing Lines
18:03 Wheelbarrow
24:28 Castle Age
22:33 Fletching
22:44 Padded Archer Armor
24:09 Forging
24:06 Scale Barding Armor
24:39 Town Watch
24:30 Crossbowman
25:16 Thumb Ring
25:08 Bodkin Arrow
25:30 Gillnets
25:53 Bow Saw
26:21 Gold Shaft Mining
26:26 Leather Archer Armor
26:32 Hand Cart
29:02 Ballistics
28:07 Elite Skirmisher
28:10 Pikeman
28:51 Squires
29:43 Clinker Construction
29:43 Careening
32:09 Horse Collar
34:02 Heavy Plow
34:18 Stone Mining
35:13 Town Patrol
35:29 Scale Barding Armor
35:59 Iron Casting
35:39 Masonry
39:59 Imperial Age
40:38 Fervor
41:03 Conscription
42:45 Two-Man Saw
41:53 Bracer
41:17 Heavy Cavalry Archer
42:22 Parthian Tactics
42:11 Murder Holes
43:20 Chain Barding Armor
45:51 Bloodlines
45:42 Husbandry
45:03 Light Cavalry
45:04 Cavalier
46:21 Plate Barding Armor
46:46 Blast Furnace
46:55 Coinage
47:26 Hussar
47:27 Paladin
48:43 Banking
57:28 Chemistry
elke
7:21 Loom
17:00 Feudal Age
17:40 Gold Mining
17:40 Double-Bit Axe
18:00 Stone Mining
20:18 Wheelbarrow
19:34 Fishing Lines
26:04 Castle Age
24:17 Fletching
24:29 Padded Archer Armor
25:15 Bloodlines
25:45 Scale Mail Armor
27:00 Demolition Ship
27:41 Pikeman
28:21 Squires
30:50 Medium Warships
31:39 Murder Holes
34:30 Tigui
44:50 Bow Saw
47:41 Husbandry
48:28 Hand Cart
53:26 Forging
55:18 Light Cavalry
62:31 Imperial Age
61:16 Iron Casting
62:46 Scale Barding Armor
62:44 Town Watch
62:36 Man-at-Arms
63:17 Squires
64:10 Ballistics
64:52 Chemistry
65:03 Long Swordsman
66:55 Conscription
66:39 Cavalier
67:55 Capped Ram
guerras90
5:00 Loom
16:29 Feudal Age
22:10 Castle Age
21:10 Man-at-Arms
21:55 Long Swordsman
22:55 Forging
23:10 Medium Warships
24:01 Fishing Lines
25:39 Squires
29:19 Iron Casting
33:26 Pikeman
40:15 Horse Collar
41:48 Gold Mining
43:25 Gold Shaft Mining
46:22 Imperial Age
43:56 Fletching
49:07 Blast Furnace
48:03 Bodkin Arrow
48:38 Forced Levy
48:17 Two-Handed Swordsman
49:13 Murder Holes
51:18 Bracer
53:39 Chemistry
53:00 Ballistics
54:38 Thalassocracy
55:01 Padded Archer Armor
55:39 Treadmill Crane
56:37 Elite Skirmisher
60:48 Halberdier
61:14 Arson
61:43 Thumb Ring
64:24 Leather Archer Armor
65:51 Conscription
65:33 Double-Bit Axe
66:46 Siege Engineers
66:53 Masonry
68:04 Wheelbarrow
Lion10K
3:30 Loom
15:40 Feudal Age
18:24 Double-Bit Axe
20:46 Castle Age
23:03 Wheelbarrow
22:34 Horse Collar
23:13 Bow Saw
23:40 Scale Barding Armor
23:48 Forging
23:45 Gold Mining
28:59 Fletching
34:42 Ballistics
34:22 Town Watch
35:33 Gold Shaft Mining
35:34 Chain Barding Armor
35:27 Husbandry
37:06 Town Patrol
37:53 Iron Casting
38:02 Heavy Plow
38:07 Fishing Lines
39:39 Murder Holes
41:00 Hand Cart
44:57 Light Cavalry
45:50 Bloodlines
46:10 Bodkin Arrow
57:37 Imperial Age
57:18 Squires
57:28 Elite Skirmisher
57:45 Pikeman
60:57 Scale Mail Armor
Connection lost

Rejoining the realm…

Still unreachable

The connection could not be restored.

Session expired

The server has moved on; the page needs a fresh start.